 Dungeon Crawl Stone Soup version 0.30.1-11-g7821555f0a (webtiles) character file.

Game seed: 3470638941333101054

3524 lonewolfV2 the Blocker (level 10, -16/82 HPs)
             Began as a Formicid Fighter on Dec 5, 2023.
             Demolished by a two-headed ogre
             ... wielding a +0 giant spiked club
              (21 damage)
             ... on level 7 of the Dungeon.
             The game lasted 00:11:14 (9079 turns).

lonewolfV2 the Blocker (Formicid Fighter)           Turns: 9079, Time: 00:11:14

Health: -16/82     AC: 13    Str: 29    XL:     10   Next: 29%
Magic:  10/10      EV:  9    Int: 14    God:
Gold:   354        SH:  6    Dex: 15    Spells: 9/9 levels left

rFire   . . .        a - +1 war axe (venom)
rCold   . . .        c - +0 buckler
rNeg    . . .        s - +0 chain mail
rPois   .            (helmet unavailable)
rElec   .            (no cloak)
rCorr   .            (no gloves)
SInv    +            b - +1 pair of boots
Will    +....        (no amulet) Stlth
                     k - +6 ring of strength
HPRegen 0.33/turn    t - +6 ring of intelligence
MPRegen 0.12/turn

%: no passive effects
@: mighty
A: permanent stasis, dig shafts and tunnels, antennae 3, four strong arms
a: Dig, Shaft Self


You were on level 7 of the Dungeon.
You visited 1 branch of the dungeon, and saw 8 of its levels.

You collected 354 gold pieces.

Inventory:

Hand Weapons
 a - a +1 war axe of venom (weapon)
 q - a +0 battleaxe
Armour
 b - a +1 pair of boots (worn)
 c - a +0 buckler (worn)
 s - a +0 chain mail (worn)
Jewellery
 k - a +6 ring of strength (left hand)
 t - a +6 ring of intelligence (right hand)
 w - a ring of magical power
Scrolls
 g - 2 scrolls of fear
 h - a scroll of fog
 j - 2 scrolls of amnesia
 v - 2 scrolls of magic mapping
 y - 2 scrolls of enchant armour
 z - 2 scrolls of identify
Potions
 d - 2 potions of might
 e - 5 potions of mutation
 f - 2 potions of curing
 l - 3 potions of attraction
 m - 3 potions of flight
 n - 4 potions of lignification
 o - a potion of resistance
 p - a potion of invisibility
 r - a potion of degeneration
 x - a potion of brilliance


   Skills:
 - Level 8.4 Fighting
 - Level 8.0 Axes
 + Level 8.4 Armour
 + Level 9.2 Shields


You had 9 spell levels left.
You didn't know any spells.
Your spell library contained the following spells:

 Spells                   Type           Power      Damage    Failure   Level
 Blade Hands              Tmut           0%         N/A       100%        5
 Irradiate                Conj/Tmut      0%         3d11      100%        5
 Summon Forest            Summ/Tloc      0%         N/A       100%        5
 Eringya's Noxious Bog    Tmut/Pois      0%         N/A       100%        6
 Dragon Form              Tmut           0%         N/A       100%        7
 Summon Hydra             Summ           0%         N/A       100%        7


Dungeon Overview and Level Annotations

Branches:
Dungeon (8/15)             Temple (0/1) D:5
   Lair: D:8-11

Altars:
Nemelex Xobeh
Okawaru
Ru
Sif Muna
Uskayaw
Zin
The Shining One

Shops:
D:3 ?

Annotations:
D:8 Gastronok, Grum


Innate Abilities, Weirdness & Mutations

You cannot be hasted, slowed, berserked, paralysed or teleported.
You can dig through walls and to a lower floor.
You have a pair of large antennae on your head. (SInv)
Your four strong arms can wield two-handed weapons with a shield.


Message History

The bullfrog swells and bulges.
The bullfrog closely misses you.
You feel very mighty all of a sudden. The wolf completely misses you.
The two-headed ogre closely misses you.
The two-headed ogre hits you with a +0 giant spiked club!!
The bullfrog barely misses you. You block the wolf's attack.
You hit the two-headed ogre.
The two-headed ogre is poisoned.
The two-headed ogre is lightly wounded.
You closely miss the wolf. You slash the two-headed ogre!
The two-headed ogre looks as sick as possible!
You slash the bullfrog! The wolf barely misses you.
The bullfrog barely misses you.
The two-headed ogre hits you with a +0 giant club!
You block the two-headed ogre's attack. You block the wolf's attack.
The two-headed ogre barely misses you.
The two-headed ogre hits you with a +0 giant spiked club.
The bullfrog hits you.
* * * LOW HITPOINT WARNING * * *
You feel much better. The wolf bites you but does no damage.
The bullfrog hits you but does no damage.
The two-headed ogre hits you with a +0 giant club!
The two-headed ogre hits you with a +0 giant spiked club!!
* * * LOW HITPOINT WARNING * * *
You slash the two-headed ogre!
The two-headed ogre is moderately wounded.
You completely miss the wolf. You slash the two-headed ogre!
You slash the bullfrog!
The bullfrog is poisoned.
The wolf bites you but does no damage. The bullfrog barely misses you.
The wolf closely misses you. You block the two-headed ogre's attack.
The two-headed ogre hits you but does no damage.
The bullfrog closely misses you. The wolf bites you but does no damage.
You feel better. The bullfrog barely misses you.
You block the two-headed ogre's attack.
The two-headed ogre hits you with a +0 giant spiked club.
* * * LOW HITPOINT WARNING * * *
The wolf bites you but does no damage.
The two-headed ogre hits you with a +0 giant spiked club!!
* * * LOW HITPOINT WARNING * * *
The two-headed ogre hits you with a +0 giant spiked club!!
You die...

#####♣.....#..........#
#......#..........#
##...#.############
#..#.#.#####
#..........#
#....#.#...######
#...............#
#..#.#O#.#.####.#
#....h@O...# #.#
#..#.#F#.#.## #.#
#...........# #.#
##...#.#....###.#
#..............#
####.......#####
#########


You could see 2 two-headed ogres, a wolf and a bullfrog (very poisoned).

Vanquished Creatures
  Pikel (D:4)
  Joseph (D:7)
  Sigmund (D:4)
  Eustachio (D:6)
  A steam dragon (D:7)
  An ice beast (D:7)
  An orc warrior (D:4)
  A sky beast (D:7)
  3 black bears
  2 wolves (D:7)
  3 lemures (D:4)
  2 kobold brigands (D:7)
  2 bullfrogs (D:7)
  A scorpion (D:5)
  3 wights (D:7)
  5 howler monkeys
  3 hounds (D:5)
  5 orc priests
  2 jellies
  4 iguanas
  Natasha (thrice) (D:4)
  7 orc wizards
  7 gnolls
  7 adders
  3 white imps
  An ufetubus (D:5)
  A worm (D:2)
  A dart slug (D:1)
  34 orcs
  8 bats
  3 endoplasms
  4 giant cockroaches
  5 goblins
  13 hobgoblins
  7 jackals
  3 quokkas
  7 ball pythons
  A frilled lizard (D:3)
  9 kobolds
  5 rats (D:1)
172 creatures vanquished.

Notes
Turn   | Place    | Note
-------+----------+-------------------------------------------
     0 | D:1      | lonewolfV2 the Formicid Fighter began the quest for the
                  | Orb.
     0 | D:1      | Reached XP level 1. HP: 18/18 MP: 1/1
   140 | D:1      | Reached XP level 2. HP: 20/24 MP: 2/2
   613 | D:1      | Reached XP level 3. HP: 30/30 MP: 3/3
  1637 | D:2      | Reached XP level 4. HP: 37/37 MP: 4/4
  1862 | D:2      | Identified the +6 short sword "Vauf" {freeze, Str+4}
  2236 | D:3      | Found Fuaqilo's Magic Scroll Shoppe.
  2473 | D:3      | Found a hide-covered altar of Uskayaw.
  3076 | D:4      | Noticed Natasha
  3089 | D:4      | Killed Natasha
  3090 | D:4      | Reached XP level 5. HP: 17/43 MP: 5/5
  3305 | D:4      | Noticed Sigmund
  3316 | D:4      | Killed Sigmund
  3317 | D:4      | Reached skill level 5 in Fighting
  3317 | D:4      | Reached XP level 6. HP: 37/52 MP: 6/6
  3491 | D:4      | Noticed Natasha
  3503 | D:4      | Killed Natasha
  3516 | D:4      | Noticed Natasha
  3521 | D:4      | Killed Natasha
  3603 | D:4      | Reached skill level 5 in Axes
  3603 | D:4      | Reached XP level 7. HP: 48/58 MP: 7/7
  4255 | D:4      | Noticed Pikel
  4269 | D:4      | Killed Pikel
  4270 | D:4      | Reached XP level 8. HP: 26/68 MP: 8/8
  4996 | D:5      | Entered Level 5 of the Dungeon
  5391 | D:5      | Reached XP level 9. HP: 71/75 MP: 9/9
  5915 | D:5      | Found a staircase to the Ecumenical Temple.
  6391 | D:5      | Reached skill level 5 in Armour
  7023 | D:6      | Reached skill level 5 in Shields
  7160 | D:6      | Noticed Eustachio
  7177 | D:6      | Killed Eustachio
  7781 | D:7      | Reached skill level 6 in Shields
  7844 | D:7      | Found a glowing silver altar of Zin.
  7869 | D:7      | Reached skill level 7 in Shields
  8176 | D:7      | Noticed Joseph
  8191 | D:7      | Reached XP level 10. HP: 70/82 MP: 10/10
  8259 | D:7      | Killed Joseph
  8260 | D:7      | Reached skill level 8 in Shields
  8747 | D:7      | Found an iron altar of Okawaru.
  8750 | D:7      | Found a shimmering blue altar of Sif Muna.
  8756 | D:7      | Found a glowing golden altar of the Shining One.
  8757 | D:7      | Found a sparkling altar of Nemelex Xobeh.
  8761 | D:7      | Found a sacrificial altar of Ru.
  8993 | D:8      | Noticed Grum
  8993 | D:8      | Noticed Gastronok
  9006 | D:8      | Noticed a two-headed ogre
  9006 | D:8      | Noticed a two-headed ogre
  9014 | D:7      | Reached skill level 9 in Shields
  9079 | D:7      | Demolished by a two-headed ogre

Illustrated notes

Levels and vault maps discovered:
D:1:      saegor_arrival_miasma, layout_loops_corners
D:2:      layout_basic, minmay_misc_feat_four_crosses
D:3:      layout_basic, nicolae_overflow_hidden_temple, serial_shops,
          nicolae_shop_hallway_stairs, lemuel_flame_loot_1
D:4:      layout_gridville, guppyfry_early_orc_mine, uniq_pikel, uniq_sigmund,
          uniq_natasha
D:5:      layout_basic, minmay_temple_entry_metal_lava
D:6:      layout_loops_cross, uniq_eustachio
D:7:      layout_basic, minitemple, zin_academy, grunt_ministairs_5,
          st_stairs_2, uniq_joseph
D:8:      minmay_opposing_rooms, layout_basic, uniq_grum, uniq_gastronok

Skill      XL: |  1  2  3  4  5  6  7  8  9 10 |
---------------+-------------------------------+-----
Fighting       | 4 5 6 7 8 |  8.4
Axes           | 3 4 5 6 7 8 |  8.0
Armour         | 7 8 |  8.4
Shields        | 7 9 |  9.2

Action                     |  1- 3 |  4- 6 |  7- 9 | 10-12 || total
---------------------------+-------+-------+-------+-------++-------
  Melee: War axe           |    86 |    69 |   248 |    37 ||   440
    Use: Scroll            |     6 |     4 |    11 |     3 ||    24
         Potion            |       |     2 |     3 |     4 ||     9
 Armour: Scale mail        |    43 |    24 |    66 |       ||   133
         Chain mail        |       |       |    52 |    37 ||    89
  Dodge: Dodged            |    60 |    33 |   122 |    44 ||   259
  Block: Buckler           |    28 |    17 |    58 |    27 ||   130
